 Dungeon Crawl Stone Soup version 0.31.0-32-g396128a36d (webtiles) character file.

Game seed: 1715007721569047688

95 spectrum17 the Slasher (level 4, 0/35 HPs)
             Began as a Demonspawn Gladiator on Apr 1, 2024.
             Killed from afar by an orc wizard (7 damage)
             ... with a magic dart
             ... on level 3 of the Dungeon.
             The game lasted 00:17:07 (1180 turns).

spectrum17 the Slasher (Demonspawn Gladiator)       Turns: 1180, Time: 00:17:08

Health: 0/35       AC: 13    Str: 16    XL:     4   Next: 39%
Magic:  4/4        EV:  5    Int:  8    God:
Gold:   64         SH:  0    Dex: 15    Spells: 3/3 levels left

rFire   . . .        a - +0 long sword
rCold   . . .        (no shield)
rNeg    . . .        n - +0 plate armour
rPois   .            c - +0 helmet
rElec   .            (no cloak)
rCorr   .            m - +0 pair of gloves
SInv    .            (no boots)
Will    .....        (no amulet) Stlth
                     (no ring)
HPRegen 0.25/turn    (no ring)
MPRegen 0.09/turn

%: no passive effects
@: no status effects
A: claws 1, rugged brown scales 1
a: no special abilities


You were on level 3 of the Dungeon.
You visited 1 branch of the dungeon, and saw 3 of its levels.

You collected 64 gold pieces.

Inventory:

Hand Weapons
 a - a +0 long sword (weapon)
 b - a +0 mace of holy wrath
 f - a +0 dagger
 j - a +0 sling
Missiles
 d - 3 throwing nets (quivered)
 e - a javelin
Armour
 c - a +0 helmet (worn)
 m - a +0 pair of gloves (worn)
 n - a +0 plate armour (worn)
Jewellery
 l - a ring of flight
Scrolls
 h - a scroll of identify {unknown}
Potions
 k - 2 potions of brilliance {unknown}


   Skills:
 + Level 2.6 Fighting
 + Level 3.8 Long Blades
 + Level 1.9 Throwing
 + Level 1.2 Armour
 + Level 3.0 Dodging


You had 3 spell levels left.
You didn't know any spells.
Your spell library contained the following spells:

 Spells                   Type           Power      Damage    Failure   Level
 Cigotuvi's Dreadful Rot  Necr/Alch/Air  0%         N/A       100%        2
 Ignite Poison            Fire/Alch      0%         N/A       100%        4
 Freezing Cloud           Conj/Ice/Air   0%         6-21      100%        5


Dungeon Overview and Level Annotations

Branches:
Dungeon (3/15)

Altars:
Cheibriados

Annotations:
D:2 1 exclusion


Innate Abilities, Weirdness & Mutations

You have sharp fingernails.
You are partially covered in rugged brown scales. (AC +1, +3% HP)


Message History

The orc priest barely misses you.
Things that are here:
a +0 dagger; an orc corpse You slash the orc priest!
The orc priest is heavily wounded.
An adder comes into view.
The orc priest hits you but does no damage.
You completely miss the orc priest.
The orc priest is heavily wounded.
The orc priest hits you but does no damage.
You barely miss the orc. The orc priest barely misses you.
The orc hits you with a +0 club.
You barely miss the orc.
The orc priest hits you but does no damage.
The orc hits you but does no damage.
You closely miss the orc.
The orc priest hits you but does no damage.
The orc hits you but does no damage.
You slash the orc!
You kill the orc!
The orc priest hits you from afar with a +0 trident!
* * * LOW HITPOINT WARNING * * *
The orc wizard barely misses you. The orc priest barely misses you.
You slash the orc wizard!
The orc wizard is heavily wounded.
The orc priest hits you but does no damage.
The orc wizard hits you with a +0 dagger.
* * * LOW HITPOINT WARNING * * *
You barely miss the orc wizard.
The orc wizard is heavily wounded.
The orc wizard hits you but does no damage.
The orc priest closely misses you.
The orc wizard attacks as it pursues you!
The orc wizard hits you but does no damage.
The orc wizard attacks as it pursues you!
The orc wizard hits you but does no damage.
Okay, then.
The orc wizard points at you and mumbles some strange words.
The magic dart hits you!
You die...

#o. #)# #+# #)#
#.# #o#
#.########.#
##........S.# .#
##...######..#
#...#.....##.oS..#
#..<.....@.##.##
#####).######.#
#..######.#
#........!#
#.######### #.#
#.#######
#....>..#
#)†####.#


You could see an orc wizard and an adder.

Vanquished Creatures
  An iguana (D:3)
  2 adders
  2 dart slugs
  2 orcs (D:3)
  3 ball pythons
  4 bats
  3 endoplasms
  6 hobgoblins
  3 jackals (D:2)
  3 quokkas
  4 frilled lizards
  4 goblins
  5 kobolds
  4 rats
46 creatures vanquished.

Notes
Turn   | Place    | Note
-------+----------+-------------------------------------------
     0 | D:1      | spectrum17 the Demonspawn Gladiator began the quest for the
                  | Orb.
     0 | D:1      | Reached XP level 1. HP: 16/16 MP: 1/1
   246 | D:1      | Gained mutation: You are partially covered in rugged brown
                  | scales. (AC +1, +3% HP) [demonic ancestry]
   246 | D:1      | Reached XP level 2. HP: 16/22 MP: 2/2
   437 | D:2      | Gained mutation: You have sharp fingernails. [demonic
                  | ancestry]
   437 | D:2      | Reached XP level 3. HP: 28/28 MP: 3/3
   861 | D:3      | Reached XP level 4. HP: 15/35 MP: 4/4
   899 | D:3      | Reached skill level 1 in Armour
  1031 | D:3      | Found a snail-covered altar of Cheibriados.
  1180 | D:3      | Killed from afar by an orc wizard

Illustrated notes

Levels and vault maps discovered:
D:1:      dpeg_arrival_round_c, layout_basic, serial_shops, shop
D:2:      layout_loops_ring, serial_rivers, chequers_serial_rivers_small_b,
          chequers_serial_rivers_small_b, chequers_serial_rivers_small_a,
          chequers_serial_rivers_small_a, chequers_serial_rivers_micro_d,
          chequers_serial_rivers_small_a
D:3:      layout_loops_corners, mainiacjoe_overflow_alcove_4, uniq_natasha

Skill      XL: |  1  2  3  4 |
---------------+-------------+-----
Long Blades    | 3 |  3.8
Dodging        | 3 |  3.0
Armour         | 1 |  1.2
Fighting       | |  2.6
Throwing       | |  1.9

Action                     |  1- 3 |  4- 6 || total
---------------------------+-------+-------++-------
  Melee: Long sword        |    94 |    48 ||   142
         Punch             |       |     1 ||     1
 Armour: Leather armour    |    16 |       ||    16
         Ring mail         |    55 |    14 ||    69
         Plate armour      |       |    49 ||    49
  Dodge: Dodged            |    82 |    25 ||   107
